Map: Dusk Towers

Players

OnMyLeVel

  • Race: Protoss Protoss
  • League: Platinum

LilDicky - Winner!

  • Race: Terran Terran
  • League: Diamond

VOD

http://www.twitch.tv/tumescentpie

Description

Time

  • Played on: Nov. 21, 2015, 9:30 p.m.
  • Length: 3:29
Show
View Real Time Build Order
Export as new Build Order

OnMyLeVel Protoss 

Build Orders: 1 Gate Expand 

Get SALT Encoding   

  12  0:00  Probe (Chrono Boost)  
  13  0:11  Probe (Chrono Boost)  
  14  0:19  Pylon  
  14  0:24  Probe (Chrono Boost)  
  15  0:38  Gateway  
  15  0:41  Assimilator  
  15  0:46  Probe (Chrono Boost)  
  16  0:57  Probe (Chrono Boost)  
  17  1:07  Probe (Chrono Boost)  
  18  1:18  Probe (Chrono Boost)  
  19  1:32  Nexus  
  19  1:35  Probe (Chrono Boost)  
  20  1:46  Pylon  
  20  1:48  Probe (Chrono Boost)  
  21  1:55  Cybernetics Core  
  21  2:00  Probe (Chrono Boost)  
  21  2:10  Gateway  
  21  2:14  Probe (Chrono Boost)  
  22  2:25  Probe (Chrono Boost)  
  23  2:31  Stalker (Chrono Boost)  
  25  2:40  Probe (Chrono Boost), Assimilator  
  25  2:41  Stargate  
  26  2:51  Gateway  
  26  3:01  Probe  
  26  3:03  Stalker (Chrono Boost)  
  29  3:08  Probe  
  29  3:12  Probe  
Show
View Real Time Build Order
Export as new Build Order

LilDicky Terran - Winner!

Build Orders:  

Get SALT Encoding   

  12  0:01  SCV  
  13  0:13  SCV  
  14  0:17  Supply Depot  
  14  0:25  SCV  
  15  0:35  Refinery  
  15  0:39  SCV  
  16  0:45  Barracks  
  16  0:51  SCV  
  17  1:06  SCV  
  18  1:18  SCV  
  20  1:33  Marine  
  20  1:34  Supply Depot  
  20  1:35  Orbital Command  
  20  1:47  Factory  
  20  1:51  Marine  
  21  2:02  Barracks  
  21  2:04  Barracks  
  21  2:05  SCV  
  22  2:18  SCV  
  22  2:19  Barracks Reactor  
  23  2:27  Supply Depot  
  23  2:28  Refinery  
  23  2:30  SCV  
  24  2:42  SCV  
  24  2:43  Widow Mine  
  27  2:54  SCV, Barracks Tech Lab x2  
  27  2:55  Marine x2  
  30  3:04  Supply Depot  
Tags
 
Add a new tag
Caveats
  • Supply blocks, unpowered buildings, or Contaminate may cause inaccurate times.
  • Supply counts are checked every 10 seconds.